 Seeded DCSS version 0.30.1-4-g462c640d31 (webtiles) character file.

Game seed: 6351066067085065685 (custom seed)

95322 Esekla the Eclecticist (level 15, -18/89 HPs)
             Began as a Deep Elf Wanderer on Sept 10, 2023.
             Was a High Priest of Vehumet.
             Demolished by a radroach (51 damage)
             ... on level 3 of the Spider Nest.
             The game lasted 03:50:51 (21947 turns).

Esekla the Eclecticist (Deep Elf Wanderer)         Turns: 21947, Time: 03:50:52

Health: -18/89     AC: 30    Str:  9    XL:     15   Next: 66%
Magic:  31/40      EV: 15    Int: 29    God:    Vehumet [*****.]
Gold:   1652       SH:  0    Dex: 11    Spells: 2/53 levels left

rFire   + . .        a - +12 pair of quick blades "Gyre" and "Gimble" {protect}
rCold   + . .        (shield currently unavailable)
rNeg    + . .        t - +0 troll leather armour
rPois   +            v - +2 helmet {Int+3}
rElec   +            n - +1 cloak
rCorr   .            W - +2 pair of gloves "Seteklek" {rF+ rC+}
SInv    .            d - +2 pair of boots {rampage}
Will    +....        y - amulet of magic regeneration
Stlth   +++          m - ring of Greed {rElec rPois rN+ AC+4 Str-2}
HPRegen 1.14/turn    O - ring of the Mage {Wiz Archmagi}
MPRegen 0.67/turn

%: rampage, wizardry (x1), archmagi
@: ice-armoured, marked, wereblooded, radiating poison, studying Fighting
A: no striking features
a: Renounce Religion


You were on level 3 of the Spider Nest.
You worshipped Vehumet.
Vehumet was extremely pleased with you.
You visited 4 branches of the dungeon, and saw 22 of its levels.
You also visited: Trove and Bailey.

You collected 3638 gold pieces.
You spent 1986 gold pieces at shops.

Inventory:

Hand Weapons
 a - the +12 pair of quick blades "Gyre" and "Gimble" (weapon) {protect}
   (You found it in a treasure trove)
 c - a +5 scimitar
 f - a +5 scimitar of flaming
 r - a +4 trident of venom
 s - the +5 rapier of the Hero {heavy, rN+ Dex+3}
   (You found it on level 3 of the Dungeon)

   Dex:       It affects your dexterity (+3).
   rN:        It protects you from negative energy.
Missiles
 B - 59 poisoned darts
 K - 4 curare-tipped darts
 U - 9 boomerangs (quivered)
Armour
 d - a +2 pair of boots of rampaging (worn)
 n - a +1 cloak (worn)
 t - a +0 troll leather armour (worn)
 v - a +2 helmet of intelligence (worn)
 W - the +2 pair of gloves "Seteklek" (worn) {rF+ rC+}
   (You found it in a treasure trove)

   rF:        It protects you from fire.
   rC:        It protects you from cold.
Magical Staves
 X - a staff of fire
Jewellery
 g - the ring of Akemeir {Fire Str+4}
   (You found it in a treasure trove)

   [ring of fire]

   It enhances your fire magic.
   Str:       It affects your strength (+4).
   rF:        It protects you from fire.
   rC:        It makes you vulnerable to cold.
 j - the ring of Descent {rPois rC+ Int+5 Stlth-}
   (You found it in a treasure trove)

   [ring of protection from cold]

   Int:       It affects your intelligence (+5).
   rC:        It protects you from cold.
   rPois:     It protects you from poison.
   Stlth:     It makes you less stealthy.
 m - the ring of Greed (left hand) {rElec rPois rN+ AC+4 Str-2}
   (You bought it in a shop on level 2 of the Dungeon)

   [ring of protection]

   AC:        It affects your AC (+4).
   Str:       It affects your strength (-2).
   rElec:     It insulates you from electricity.
   rPois:     It protects you from poison.
   rN:        It protects you from negative energy.
 y - an amulet of magic regeneration (around neck)
 C - a ring of see invisible
 N - an amulet of reflection
 O - the ring of the Mage (right hand) {Wiz Archmagi}
   (You bought it in a shop on level 2 of the Dungeon)

   [ring of wizardry]

   It improves your spell success rate.
   Archmagi:  It increases the power of your magical spells.
 S - a ring of ice
Wands
 p - a wand of flame (32)
 D - a wand of roots (24)
 G - a wand of mindburst (5)
 I - a wand of quicksilver (3)
 Q - a wand of digging (9)
Scrolls
 o - 4 scrolls of enchant weapon
 q - 3 scrolls of fear
 u - 4 scrolls of blinking
 x - 4 scrolls of fog
 A - 2 scrolls of magic mapping
 F - 2 scrolls of poison
 H - 8 scrolls of teleportation
 P - 2 scrolls of silence
Potions
 b - 4 potions of lignification
 e - 3 potions of ambrosia {unknown}
 h - 3 potions of heal wounds
 i - 7 potions of attraction
 k - 3 potions of curing
 l - a potion of might
 w - 10 potions of haste
 z - 5 potions of brilliance
 E - a potion of berserk rage {unknown}
 J - 2 potions of resistance
 M - a potion of cancellation
 R - 3 potions of magic {unknown}
 V - 4 potions of flight


   Skills:
 * Level 8.4 Fighting
 * Level 6.8(7.1) Short Blades
 + Level 2.8(4.8) Long Blades
 + Level 2.7 Throwing
 * Level 5.4 Armour
 * Level 11.5 Dodging
 + Level 6.1 Stealth
 - Level 3.1 Shields
 * Level 19.5 Spellcasting
 * Level 8.7 Conjurations
 + Level 10.1 Necromancy
 + Level 5.3 Translocations
 + Level 5.0 Transmutations
 + Level 6.2 Fire Magic
 + Level 6.0 Ice Magic
 * Level 4.7 Air Magic
 + Level 8.0 Poison Magic
 + Level 1.0 Invocations
 + Level 1.2 Evocations


You had 2 spell levels left.
You knew the following spells:

 Your Spells              Type           Power      Damage    Failure   Level
a - Ozocubu's Armour      Ice            76%        N/A       1%          3
b - Blink                 Tloc           100%       N/A       1%          2
c - Mephitic Cloud        Conj/Pois/Air  81%        N/A       1%          3
d - Vampiric Draining     Necr           92%        2d12      1%          3
f - Fireball              Conj/Fire      41%        3d17      1%          5
l - Iskenderun's Mystic   Conj/Tloc      81%        2d16      1%          4
n - Ignite Poison         Fire/Tmut/Pois 78%        N/A       1%          3
o - Orb of Destruction    Conj           43%        9d12      5%          7
p - Apportation           Tloc           100%       N/A       1%          1
t - Teleport Other        Tloc           73%        N/A       1%          3
v - Poisonous Vapours     Pois/Air       100%       N/A       1%          2
w - Wereblood             Tmut           72%        N/A       1%          2
x - Olgreb's Toxic Radia  Pois           84%        N/A       1%          4
y - Sticky Flame          Conj/Fire      82%        2d9       1%          4
z - Freezing Cloud        Conj/Ice/Air   39%        6-21      1%          5

Your spell library contained the following spells:

 Spells                   Type           Power      Damage    Failure   Level
 Iron Shot                Conj/Erth      34%        9d7       5%          6
 Foxfire                  Conj/Fire      100%       2x1d9     1%          1
 Magic Dart               Conj           100%       1d8       1%          1
 Cigotuvi's Dreadful Rot  Necr/Pois/Air  100%       N/A       1%          2
 Lesser Beckoning         Tloc           100%       N/A       1%          2
 Sublimation of Blood     Necr           92%        N/A       1%          2
 Gell's Gravitas          Tloc           73%        N/A       1%          3
 Hailstorm                Conj/Ice       82%        3d17      1%          3
 Portal Projectile        Hex/Tloc       100%       N/A       1%          3
 Spider Form              Tmut/Pois      78%        N/A       1%          3
 Vhi's Electric Charge    Tloc/Air       100%       N/A       1%          3
 Airstrike                Air            35%        2d(6-22)  1%          4
 Dispel Undead            Necr           92%        3d29      1%          4
 Manifold Assault         Tloc           73%        N/A       1%          4
 Passage of Golubria      Tloc           73%        N/A       1%          4
 Arcjolt                  Conj/Air       39%        1d49      1%          5
 Death Channel            Necr           46%        N/A       1%          6
 Starburst                Conj/Fire      41%        6d12      1%          6
 Summon Ice Beast         Ice/Summ       62%        N/A       2%          4
 Plasma Beam              Fire/Air       37%        2x1d55    3%          6
 Cause Fear               Hex            21%        N/A       8%          4
 Silence                  Hex/Air        29%        N/A       8%          5
 Dispersal                Tloc           36%        N/A       12%         6
 Ozocubu's Refrigeration  Ice            38%        4d15      14%         7
 Summon Mana Viper        Hex/Summ       42%        N/A       21%         5
 Storm Form               Tmut/Air       35%        N/A       61%         7
 Ignition                 Fire           38%        3d11      61%         8
 Maxwell's Capacitive Co  Air            35%        ∞         78%         8
 Lehudib's Crystal Spear  Conj/Erth      34%        10d9      83%         8
 Summon Hydra             Summ           21%        N/A       99%         7
 Disjunction              Tloc           36%        N/A       99%         8
 Chain Lightning          Conj/Air       39%        3d52      100%        9


Dungeon Overview and Level Annotations

Branches:
Dungeon (12/15)            Temple (0/1) D:6            Lair (5/5) D:11
 Shoals (0/4) Lair:2       Spider (3/4) Lair:3        Slime (0/5) Lair:5
    Orc (2/2) D:10            Elf (0/3) Orc:2        Bailey (visited)

Altars:
Dithmenos
Fedhas
Hepliaklqana
Nemelex Xobeh
Okawaru
Qazlal
Ru
Trog
Uskayaw
Vehumet
Zin
The Shining One
Jiyva

Shops:
D:2 =   D:4 (   D:11 *   Orc:2 **[:

Portals:
Pandemonium: Orc:2


Message History

You feel your power returning.
The wolf spider disappears in a puff of smoke!
The culicivora disappears in a puff of smoke!
The jumping spider disappears in a puff of smoke!
The redback disappears in a puff of smoke!
The jumping spider disappears in a puff of smoke!
You feel life coursing into your body.
The orb spider looks more healthy.
Casting: Vampiric Draining (safe; 1% risk of failure)
Confirm with . or Enter, or press ? or * to list all spells.
You feel a surge of power!
You begin to radiate toxic energy.
You kill the orb spider!
Vehumet accepts your kill.
You feel your power returning.
The redback is poisoned.
The jumping spider is poisoned.
The redback looks even sicker.
The radroach looks even sicker.
The jumping spider looks even sicker.
The jumping spider pounces on you but does no damage.
The jumping spider bites you but does no damage.
The radroach bites you!
The radroach claws you but does no damage.
The jumping spider leaps!
Your Transmutations skill increases to level 5!
Your Poison Magic skill increases to level 8!
Casting: Olgreb's Toxic Radiance (safe; 1% risk of failure)
Confirm with . or Enter, or press ? or * to list all spells.
You feel a surge of power!
You ignite the poison in your surroundings!
The radroach seems to burn from within!!!
The radroach is almost dead.
The redback seems to burn from within!
You kill the redback!
Vehumet accepts your kill.
You feel your power returning.
The jumping spider seems to burn from within!!!
You kill the jumping spider!
Vehumet accepts your kill.
The radroach is poisoned.
The radroach erupts in a fountain of uncontrolled magic!
You are blasted with magical radiation!!!
Ouch! That really hurt!
You die...

.# .##.... ... .... ..... ..
#...# ....... ^. ...# .......
.# ....^ ....... ..# ..##
.......## #.#
.##.........###§†##..# ..
#^.....^.°§#B§......
...###......#††°@##ss..^#
..#.##.......○.#§##..^.###
#.#..##...####.###.$.s...##
...#.....##....*#..^≈^s...#
...#...........#ss...^..^.##.
....#.............^.^...≈.^..
...###..........^.≈^^<.^≈.^..
..## #...#......^.≈s....≈....
#.# #..##...#[^#..s..^.^^##.


You could see a radroach (poisoned).

Vanquished Creatures
  Rupert (Lair:4)
  2 emperor scorpions (Spider:3)
  A ghost moth (Spider:3)
  2 orc warlords
  A broodmother (Spider:3)
  Azrael (Orc:2)
  2 spark wasps
  5 entropy weavers
  2 fire dragons (Lair:5)
  Harold (D:9)
  A demonspawn (Orc:2)
  2 hydras
  A radroach (Spider:3)
  A catoblepas (Lair:5)
  3 jorogumos
  3 boulder beetles
  3 two-headed ogres
  3 orc high priests (Orc:2)
  A pharaoh ant (Spider:1)
  A sun moth (Spider:1)
  Lodul (D:11)
  A skyshark (Lair:4)
  6 orb spiders
  Pikel (D:6)
  A swamp dragon (Lair:5)
  2 lindwurms (Lair:5)
  2 steelbarb worms (Spider:1)
  An oklob plant (Lair:5)
  8 orc knights
  4 wolf spiders
  7 cyclopes
  9 orc sorcerers (Orc:2)
  9 elephants (Lair:5)
  2 moths of wrath (Spider:1)
  Joseph (D:7)
  A merfolk siren (Lair:2)
  2 black mambas
  7 torpor snails
  A smoke demon (Orc:2)
  2 gargoyles
  3 demonic crawlers
  10 cane toads
  Psyche (D:11)
  3 rime drakes
  15 komodo dragons
  A kobold demonologist (D:9)
  2 merfolk (Lair:2)
  A red devil (Orc:2)
  A polar bear (D:11)
  7 trolls
  3 tyrant leeches (Lair:5)
  6 tarantellas
  9 hornets
  5 blink frogs (Lair:1)
  7 jumping spiders
  4 centaur simulacra (D:11)
  4 culicivoras
  A wraith (D:12)
  33 yaks
  12 spriggans (Lair:3)
  5 basilisks
  A chaos spawn (Orc:2)
  3 fire elementals (Orc:2)
  3 steam dragons
  5 wyverns
  18 redbacks
  Menkaure (D:7)
  3 wargs
  2 acid dragons (Lair:5)
  6 ice beasts
  14 water moccasins
  4 hell hounds (Orc:2)
  2 swamp drakes (Lair:5)
  A sky beast (D:6)
  43 orc warriors
  2 black bears
  17 ogres
  2 centaurs
  3 boggarts (Lair:3)
  12 wolves
  A phantom (D:7)
  Blork the orc (D:6)
  4 kobold brigands
  4 gnoll sergeants
  10 bullfrogs
  3 scorpions
  10 wights
  21 killer bees
  2 howler monkeys (D:10)
  An electric eel (D:11)
  2 quasits (D:8)
  6 hounds
  A jelly (D:6)
  Crazy Yiuf (D:7)
  31 orc priests
  3 gnoll boudas
  7 iguanas
  A sleepcap (D:5)
  12 hell rats
  14 orc wizards
  9 adders
  34 gnolls
  3 shadow imps (D:8)
  8 white imps
  4 ufetubi
  A worm (D:4)
  3 dart slugs
  95 orcs
  4 endoplasms
  9 goblins
  7 hobgoblins
  A quokka (D:1)
  6 ball pythons
  4 bats
  4 frilled lizards
  21 kobolds
  A rat (D:2)
729 creatures vanquished.

Vanquished Creatures (others)
  An orc priest (Orc:2)
  A white imp (D:8)
2 creatures vanquished.

Grand Total: 731 creatures vanquished

Notes
Turn   | Place    | Note
-------+----------+-------------------------------------------
     0 | D:1      | Esekla the Deep Elf Wanderer began the quest for the Orb.
     0 | D:1      | Esekla set off with the following items: a +0 club, a
                  | potion of lignification, a +0 robe, a +0 buckler; and the
                  | following spells available to memorise: Apportation, Blink,
                  | Lesser Beckoning, Magic Dart, Ignite Poison, Vampiric
                  | Draining.
     0 | D:1      | Reached XP level 1. HP: 10/10 MP: 7/7
     2 | D:1      | Learned a level 1 spell: Magic Dart
     4 | D:1      | Learned a level 1 spell: Apportation
   219 | D:2      | Found Renulab's Jewellery Shop.
   380 | D:4      | Found a radiant altar of Vehumet.
   413 | D:4      | Found an iron altar of Okawaru.
   421 | D:4      | Found a glowing silver altar of Zin.
   567 | D:4      | Became a worshipper of Vehumet
   740 | D:3      | Reached skill level 1 in Dodging
   740 | D:3      | Reached XP level 2. HP: 15/15 MP: 9/9
   743 | D:3      | Learned a level 2 spell: Blink
   906 | D:4      | Found Ponaysk's Antique Weapon Boutique.
  1044 | D:5      | Entered Level 5 of the Dungeon
  1085 | D:4      | Reached skill level 5 in Spellcasting
  1210 | D:4      | Reached skill level 1 in Necromancy
  1278 | D:3      | Reached XP level 3. HP: 18/19 MP: 11/11
  1393 | D:3      | Identified the +5 rapier of the Hero {heavy, rN+ Dex+3}
  1472 | D:2      | Reached skill level 1 in Conjurations
  1644 | D:2      | Learned a level 3 spell: Vampiric Draining
  1662 | D:1      | Reached * piety under Vehumet
  1662 | D:1      | Offered knowledge of Sandblast by Vehumet.
  1778 | D:1      | Learned a level 3 spell: Teleport Other
  1809 | D:1      | Reached XP level 4. HP: 24/24 MP: 6/13
  2408 | D:3      | Found a stormy altar of Qazlal.
  2410 | D:3      | Found a bloodstained altar of Trog.
  2429 | D:3      | Reached skill level 6 in Spellcasting
  2438 | D:3      | HP: 1/23 [adder (2)]
  2559 | D:3      | Found a hazy altar of Hepliaklqana.
  2766 | D:3      | Reached XP level 5. HP: 28/28 MP: 10/15
  2963 | D:5      | Found a shadowy altar of Dithmenos.
  3019 | D:5      | Got the Parchment of the Lumpy Olives
  3171 | D:2      | Found a faded altar of an unknown god.
  3179 | D:2      | Reached skill level 7 in Spellcasting
  3298 | D:2      | Noticed a black bear
  3309 | D:2      | Killed a black bear
  3310 | D:2      | Reached XP level 6. HP: 29/32 MP: 11/18
  3468 | D:4      | Found a glowing golden altar of the Shining One.
  3497 | D:4      | Offered knowledge of Momentum Strike by Vehumet.
  3548 | D:5      | Reached skill level 1 in Short Blades
  3558 | D:5      | Reached ** piety under Vehumet
  3585 | D:5      | Reached skill level 8 in Spellcasting
  3708 | D:5      | Reached XP level 7. HP: 35/36 MP: 18/20
  4301 | D:6      | Noticed Blork the orc
  4319 | D:6      | Killed Blork the orc
  4481 | D:5      | Reached skill level 9 in Spellcasting
  4602 | D:6      | Offered knowledge of Hailstorm by Vehumet.
  4723 | D:6      | Found a blossoming altar of Fedhas.
  4734 | D:6      | Reached XP level 8. HP: 22/41 MP: 14/23
  4871 | D:6      | Reached skill level 5 in Necromancy
  4953 | D:6      | Noticed Pikel
  4978 | D:7      | Found a runed translucent door.
  4979 | D:7      | Noticed Crazy Yiuf
  4988 | D:7      | Killed Crazy Yiuf
  5132 | D:7      | Reached skill level 10 in Spellcasting
  5134 | D:7      | Reached *** piety under Vehumet
  5164 | D:7      | Noticed Menkaure
  5169 | D:7      | Killed Menkaure
  5545 | D:7      | Reached skill level 5 in Dodging
  5558 | D:7      | Reached XP level 9. HP: 45/45 MP: 25/25
  5650 | D:7      | Offered knowledge of Iskenderun's Mystic Blast by Vehumet.
  5662 | D:7      | Learned a level 4 spell: Iskenderun's Mystic Blast
  5728 | D:6      | Reached skill level 11 in Spellcasting
  5842 | D:6      | Killed Pikel
  5843 | D:6      | Reached skill level 1 in Throwing
  5910 | D:6      | Found a staircase to the Ecumenical Temple.
  6210 | D:8      | Noticed a two-headed ogre
  6888 | D:7      | Noticed Joseph
  6908 | D:7      | Killed Joseph
  6909 | D:7      | Reached skill level 1 in Long Blades
  6909 | D:7      | Reached skill level 12 in Spellcasting
  6939 | D:8      | Reached **** piety under Vehumet
  6976 | D:8      | Offered knowledge of Sticky Flame by Vehumet.
  7000 | D:8      | Learned a level 4 spell: Sticky Flame
  7292 | D:8      | Killed a two-headed ogre
  7293 | D:8      | Reached skill level 1 in Fire Magic
  7293 | D:8      | Reached XP level 10. HP: 50/50 MP: 28/28
  7297 | D:8      | Learned a level 3 spell: Ignite Poison
  7366 | D:8      | Found a transporter.
  7366 | D:8      | Found a transporter.
  7369 | D:8      | Found a transporter.
  7370 | D:8      | Found a transporter.
  7526 | D:8      | Found a hide-covered altar of Uskayaw.
  7905 | D:9      | Noticed a two-headed ogre
  7972 | D:9      | Found a flagged portal.
  7992 | Bailey   | Entered a bailey
  8146 | Bailey   | Identified the +2 bardiche of Puhoisos {heavy, rElec
                  | Stlth+}
  8325 | Bailey   | Noticed an orc knight
  8325 | Bailey   | Noticed an orc knight
  8360 | Bailey   | Killed an orc knight
  8361 | Bailey   | Reached skill level 13 in Spellcasting
  8496 | Bailey   | Killed an orc knight
  8497 | Bailey   | Reached skill level 1 in Transmutations
  8497 | Bailey   | Reached skill level 1 in Poison Magic
  8675 | D:9      | Noticed a smoke demon
  8681 | D:9      | Reached skill level 1 in Evocations
  8682 | D:9      | Reached ***** piety under Vehumet
  8692 | D:9      | Offered knowledge of Olgreb's Toxic Radiance by Vehumet.
  8719 | D:9      | Learned a level 4 spell: Olgreb's Toxic Radiance
  8784 | D:9      | Found a sparkling altar of Nemelex Xobeh.
  8852 | D:9      | Noticed Harold
  8958 | D:9      | Killed a two-headed ogre
  8959 | D:9      | Reached skill level 1 in Fighting
  9051 | D:9      | Noticed a cyclops
  9110 | D:9      | Killed a cyclops
  9111 | D:9      | Reached XP level 11. HP: 46/56 MP: 30/30
  9535 | D:10     | Entered Level 10 of the Dungeon
 10050 | D:11     | Reached skill level 5 in Conjurations
 10051 | D:11     | Noticed Lodul
 10092 | D:10     | Reached skill level 14 in Spellcasting
 10176 | D:10     | Found a sacrificial altar of Ru.
 10279 | D:10     | Found a staircase to the Orcish Mines.
 10295 | Orc:1    | Entered Level 1 of the Orcish Mines
 10300 | Orc:1    | Noticed an orc knight
 10306 | Orc:1    | Killed an orc knight
 10681 | D:2      | Bought the ring of the Mage {Wiz Archmagi} for 714 gold
                  | pieces
 10681 | D:2      | Found the ring of the Mage {Wiz Archmagi}
 10980 | D:11     | Reached skill level 1 in Armour
 10980 | D:11     | Killed Lodul
 11014 | D:11     | Got Simple Magic
 11234 | D:11     | Reached XP level 12. HP: 35/66 MP: 32/32
 11539 | D:11     | Found Fagafuf's Pet Rocks.
 11614 | D:11     | Noticed Psyche
 11619 | D:11     | Noticed a two-headed ogre
 11628 | D:11     | Killed Psyche
 11628 | D:11     | Killed a two-headed ogre
 11629 | D:11     | Reached skill level 5 in Poison Magic
 11710 | D:12     | Reached skill level 15 in Spellcasting
 11775 | D:12     | Learned a level 5 spell: Fireball
 11903 | D:12     | Learned a level 2 spell: Wereblood
 11993 | D:12     | Found a portal to a secret trove of treasure.
 12008 | D:12     | Offered knowledge of Orb of Destruction by Vehumet.
 12017 | D:12     | Learned a level 7 spell: Orb of Destruction
 12061 | D:12     | Learned a level 3 spell: Mephitic Cloud
 12067 | D:12     | Learned a level 5 spell: Freezing Cloud
 12071 | D:12     | Learned a level 2 spell: Poisonous Vapours
 12099 | Trove    | Entered a treasure trove
 12104 | Trove    | Found the +8 mithril axe "Arga" {speed, Will+}
 12104 | Trove    | Found the +12 pair of quick blades "Gyre" and "Gimble"
                  | {protect}
 12108 | Trove    | Identified the ring of Akemeir {Fire Str+4}
 12112 | Trove    | Identified the +2 pair of gloves "Seteklek" {rF+ rC+}
 12133 | Trove    | Identified the ring of Descent {rPois rC+ Int+5 Stlth-}
 12143 | Trove    | Identified the +3 ring mail "Poady" {+Inv rF+ Dex+2 Slay-4}
 12363 | D:11     | Found a staircase to the Lair.
 12580 | D:9      | Killed Harold
 12673 | Lair:1   | Entered Level 1 of the Lair of Beasts
 12684 | Lair:1   | Reached skill level 1 in Ice Magic
 13090 | Lair:1   | Reached skill level 1 in Air Magic
 13335 | Lair:1   | Reached skill level 5 in Stealth
 13550 | Lair:2   | Reached skill level 5 in Fighting
 13555 | Lair:2   | Reached skill level 16 in Spellcasting
 13654 | Lair:2   | Found a transporter.
 13654 | Lair:2   | Found a transporter.
 13655 | Lair:2   | Noticed a boulder beetle
 13655 | Lair:2   | Noticed a boulder beetle
 13669 | Lair:2   | Killed a boulder beetle
 13669 | Lair:2   | Killed a boulder beetle
 13861 | Lair:2   | Reached XP level 13. HP: 72/72 MP: 26/35
 14182 | Lair:2   | Found a staircase to the Shoals.
 14316 | Lair:3   | Found a hole to the Spider Nest.
 14662 | D:2      | Bought the ring of Greed {rElec rPois rN+ AC+4 Str-2} for
                  | 758 gold pieces
 15027 | Lair:3   | Identified the +3 leather armour of Okawaru's Inspiration
                  | {Str+4}
 15142 | Lair:3   | Reached skill level 10 in Necromancy
 15390 | Lair:3   | Reached skill level 10 in Dodging
 15718 | Lair:4   | Noticed Rupert
 15724 | Lair:4   | Killed Rupert
 15725 | Lair:4   | Reached skill level 17 in Spellcasting
 15902 | Lair:4   | Reached skill level 5 in Fire Magic
 16543 | Lair:5   | Entered Level 5 of the Lair of Beasts
 16678 | Lair:5   | Reached skill level 5 in Translocations
 16794 | Lair:5   | Reached skill level 5 in Short Blades
 16794 | Lair:5   | Reached XP level 14. HP: 80/80 MP: 37/37
 16931 | Lair:5   | Found a viscous altar of Jiyva.
 16931 | Lair:5   | Found a staircase to the Slime Pits.
 17164 | Lair:5   | Found a runed translucent door.
 17296 | Lair:5   | Reached skill level 18 in Spellcasting
 17300 | Lair:5   | Reached skill level 5 in Ice Magic
 17602 | Lair:5   | Got Utragud's Papyrus of the Inquisitive Olives
 18150 | Orc:2    | Entered Level 2 of the Orcish Mines
 18337 | Orc:2    | Noticed an orc warlord
 18355 | Orc:2    | Killed an orc warlord
 18394 | Orc:2    | Found a staircase to the Elven Halls.
 18709 | Orc:1    | Noticed an orc warlord
 18717 | Orc:1    | Killed an orc warlord
 19034 | Orc:2    | Found Roezostra's General Store.
 19065 | Orc:2    | Found Bamnuus's General Store.
 19088 | Orc:2    | Bought a scroll of identify for 34 gold pieces
 19137 | Orc:2    | Paralysed by an orc sorcerer for 5 turns
 19163 | Orc:2    | Offered knowledge of Yara's Violent Unravelling by Vehumet.
 19216 | Orc:2    | Noticed Azrael
 19230 | Orc:2    | Killed Azrael
 19342 | Orc:2    | Found Jyohez's Book Shop.
 19342 | Orc:2    | Found a one-way gate leading to the halls of Pandemonium.
 19342 | Orc:2    | Found Huzal's Antique Armour Boutique.
 19346 | Orc:2    | Bought a runed helmet for 270 gold pieces
 19410 | Orc:2    | Learned a level 7 spell: Orb of Destruction
 19604 | Spider:1 | Entered Level 1 of the Spider Nest
 19620 | Spider:1 | Identified the +1 pair of boots of Piysunuo {Str+3}
 19652 | Spider:1 | Reached XP level 15. HP: 88/88 MP: 39/39
 19897 | Spider:1 | Reached skill level 5 in Armour
 20009 | Spider:1 | Reached skill level 19 in Spellcasting
 20693 | Spider:2 | Acquired a book of Decay
 20695 | Spider:2 | Acquired Esekla's Octavo of Thunder
 20697 | Spider:2 | Acquired Ozocubu's Autobiography
 20943 | D:2      | Bought a ring of see invisible for 210 gold pieces
 21195 | Spider:2 | Learned a level 3 spell: Ozocubu's Armour
 21502 | Spider:3 | Offered knowledge of Iron Shot by Vehumet.
 21668 | Spider:3 | Noticed an emperor scorpion
 21750 | Spider:3 | Killed an emperor scorpion
 21811 | Spider:3 | Noticed an emperor scorpion
 21836 | Spider:3 | Killed an emperor scorpion
 21947 | Spider:3 | Reached skill level 5 in Transmutations
 21947 | Spider:3 | Demolished by a radroach

Illustrated notes

Levels and vault maps discovered:
D:1:      sevenhm_arrival_forest_fort_small_3, layout_rooms,
          chequers_serial_rivers_room_b, minmay_misc_feat_five
D:2:      layout_loops_ring, dreamdust_ecumenical_altar_angels_and_demons,
          serial_shops, shop
D:3:      layout_basic, grunt_temple_overflow_open, minmay_misc_feat_iff
D:4:      layout_basic, nicolae_overflow_quartered_altars, serial_shops,
          nicolae_diamond_shop
D:5:      layout_loops_ring, lemuel_doored_altar, minmay_misc_feat_rows,
          dreamdust_wishing_well
D:6:      layout_loops_cross, fedhas_altar_fruit_tree,
          minmay_temple_entry_glass, uniq_pikel, uniq_blork_the_orc
D:7:      layout_basic, uniq_menkaure, uniq_joseph, uniq_crazy_yiuf_cottage
D:8:      layout_basic, nicolae_uskayaw_dance_hall, serial_demonic,
          serial_demonic_d, serial_demonic_a, serial_demonic_c,
          serial_demonic_c, nicolae_diode_quadrants
D:9:      layout_irregular_city, kennysheep_little_box, enter_bailey_4,
          minmay_between, uniq_harold
D:10:     layout_basic, nicolae_ru_awakened_eye
D:11:     layout_rooms, hellmonk_lair_entry_icy, serial_ice, serial_ice_j,
          serial_ice_m, serial_ice_o, serial_ice_c, serial_ice_g, serial_ice_f,
          guppyfry_shop_earth, uniq_psyche, uniq_lodul
D:12:     layout_roguey, nicolae_trove_entry_crossroad
Lair:1:   layout_small_grid
Lair:2:   gammafunk_boulding_lane, layout_small_grid, elwin_shoals_entry_rooms
Lair:3:   kb_forest_paths, layout_chaotic_city, spider_nest_entry_rubble
Lair:4:   layout_hall_layers, grunt_megastairs_3, lemuel_fruit_fields,
          uniq_rupert
Lair:5:   guppyfry_lair_end_dragon, layout_misc_corridors, wormcave,
          dpeg_slime_entry_enclosed
Spider:1: layout_spider_delve, nicolae_spider_some_kinda_spiderbox
Spider:2: layout_spider_delve, nicolae_spider_twisty_arc_passages
Spider:3: layout_chambers, nicolae_orb_stairs
Orc:1:    layout_caves
Orc:2:    pf_orc_diabolical, layout_diamond_mine, uniq_azrael

Skill      XL: |  1  2  3  4  5  6  7  8  9 10 11 12 13 14 15 |
---------------+----------------------------------------------+-----
Dodging        | 1 2 3 5 6 7 8 9 10 11 | 11.5
Spellcasting   | 5 6 7 8 9 10 12 13 14 16 17 18 19 | 19.5
Necromancy     | 1 2 3 4 6 8 9 10 | 10.1
Conjurations   | 1 3 4 5 6 7 8 |  8.7
Short Blades   | 1 2 3 5 6 |  6.8
Shields        | 2 3 |  3.1
Stealth        | 2 3 4 5 6 |  6.1
Translocations | 3 4 5 |  5.3
Throwing       | 1 2 |  2.7
Long Blades    | 1 2 |  2.8
Fire Magic     | 1 2 4 5 6 |  6.2
Transmutations | 2 3 4 5 |  5.0
Poison Magic   | 2 4 6 7 8 |  8.0
Evocations     | 1 |  1.2
Fighting       | 1 4 5 6 7 8 |  8.4
Armour         | 1 3 4 5 |  5.4
Ice Magic      | 1 4 6 |  6.0
Air Magic      | 1 2 4 |  4.7
Invocations    | |  1.0

Action                     |  1- 3 |  4- 6 |  7- 9 | 10-12 | 13-15 || total
---------------------------+-------+-------+-------+-------+-------++-------
  Melee: Short sword       |    62 |    71 |       |       |       ||   133
         Rapier            |       |     7 |    62 |    18 |       ||    87
         Dagger            |       |     4 |   110 |       |       ||   114
         Scimitar          |       |       |    60 |   112 |       ||   172
         Pair of quick bla |       |       |       |    39 |   288 ||   327
  Throw: Dart              |       |     9 |    20 |    45 |       ||    74
         Boomerang         |       |       |       |    18 |    13 ||    31
   Cast: Magic Dart        |    48 |    47 |    69 |    30 |       ||   194
         Apportation       |    27 |    16 |    34 |    49 |    38 ||   164
         Vampiric Draining |       |    17 |    77 |    46 |    18 ||   158
         Iskenderun's Myst |       |       |     2 |    28 |       ||    30
         Sticky Flame      |       |       |     1 |    33 |    29 ||    63
         Ignite Poison     |       |       |       |    33 |   112 ||   145
         Blink             |       |       |       |     2 |     1 ||     3
         Olgreb's Toxic Ra |       |       |       |    40 |    52 ||    92
         Poisonous Vapours |       |       |       |    21 |   134 ||   155
         Fireball          |       |       |       |     9 |       ||     9
         Freezing Cloud    |       |       |       |     6 |    27 ||    33
         Wereblood         |       |       |       |     5 |    23 ||    28
         Mephitic Cloud    |       |       |       |     2 |    18 ||    20
         Ozocubu's Armour  |       |       |       |       |     7 ||     7
  Evoke: Wand              |       |     1 |     9 |     6 |       ||    16
    Use: Scroll            |     1 |       |     8 |    11 |    11 ||    31
         Potion            |       |     2 |     3 |     1 |     3 ||     9
   Stab: Sleeping          |       |     1 |     3 |    11 |    14 ||    29
         Confused          |       |       |       |       |     6 ||     6
 Armour: Robe              |    48 |    17 |    74 |       |       ||   139
         Steam dragon scal |       |       |    28 |    64 |       ||    92
         Troll leather arm |       |       |       |    12 |   123 ||   135
  Dodge: Dodged            |    67 |    46 |   205 |   166 |   168 ||   652
  Block: Buckler           |    17 |    17 |    53 |    56 |       ||   143
